 Dungeon Crawl Stone Soup version 0.25-a0-860-gf695395b5c (console) character file.

Game seed: 6301399563702277795, levelgen mode: classic

9 Duffy the Firebug (level 2, 19/19 HPs)
             Began as a Demonspawn Fire Elementalist on Apr 27, 2020.
             Quit the game on level 3 of the Dungeon.
             The game lasted 00:00:53 (592 turns).

Duffy the Firebug (Demonspawn Fire Elementalist)     Turns: 592, Time: 00:00:54

Health: 19/19      AC:  2    Str:  8    XL:     2   Next: 6%
Magic:  5/5        EV: 12    Int: 16    God:
Gold:   47         SH:  0    Dex: 13    Spells: 5/5 levels left

rFire    . . .     SeeInvis .   c - 2 rations
rCold    . . .     Gourm    .   (no shield)
rNeg     . . .     Faith    .   a - +0 robe
rPois    .         Spirit   .   (helmet restricted)
rElec    .         Reflect  .   (no cloak)
rCorr    .         Harm     .   (no gloves)
MR       .....                  (no boots)
Stlth    ++........             (no amulet)
HPRegen  0.06/turn              (no ring)
MPRegen  0.09/turn              (no ring)

@: very slightly contaminated
A: horns 1
a: no special abilities


You were on level 3 of the Dungeon.
You were not hungry.

You visited 1 branch of the dungeon, and saw 3 of its levels.

You collected 47 gold pieces.

Inventory:

Armour
 a - a +0 robe (worn)
Scrolls
 b - a scroll of blinking
 d - a scroll of fog
Potions
 e - 2 potions of flight {unknown}
 f - a potion of magic {unknown}
 h - a potion of ambrosia {unknown}
Comestibles
 c - 2 rations (in hand)
 g - 3 chunks of flesh


   Skills:
 + Level 0.0 Fighting
 - Level 1.7 Dodging
 - Level 1.7 Stealth
 - Level 2.0 Spellcasting
   Level 2.1 Conjurations
   Level 2.6 Fire Magic


You had 5 spell levels left.
You didn't know any spells.
Your spell library contained the following spells:

 Spells                   Type           Power        Failure   Level  Hunger
 Foxfire                  Conj/Fire      #...         8%          1    #......
 Conjure Flame            Conj/Fire      #.......     22%         3    ###....
 Inner Flame              Hex/Fire       #.......     34%         3    ###....
 Sticky Flame             Conj/Fire      #.......     58%         4    #####..
 Fireball                 Conj/Fire      #.........   91%         5    ######.


Dungeon Overview and Level Annotations

Branches:
Dungeon (3/15)

Altars:


Innate Abilities, Weirdness & Mutations

You have a pair of small horns on your head.


Message History

You see here a stone.
There is an escape hatch in the ceiling here.
Found a leather armour.
Found a scroll labeled GOELITEN LIDIE.
b - 2 scrolls labeled GOELITEN LIDIE (gained 1) Blink to where?
Press: ? - help, Dir - move target cursor You are very lightly contaminated with residual magic.
As you read the scroll labeled GOELITEN LIDIE, it crumbles to dust.
It was a scroll of blinking.
As you read the scroll labeled RANUPL ZUCRI, it crumbles to dust.
The scroll dissolves into smoke.
It was a scroll of fog.
Unknown command.
As you read the scroll labeled GIMIQONUYKK, it crumbles to dust.
It is a scroll of amnesia.
Really abort (and waste the scroll)?
Forget Foxfire, freeing 1 spell level for a total of 5?
Your memory of Foxfire unravels.
You stop training Conjurations.
You need to enable at least one skill for training.
Are you sure you want to abandon this character and quit the game? (Confirm with "yes".)

#.......##.....#
#......<##....####
##+#+#+#.........#
#.#.#####.# #.#.#
#.# #.#.# #.#
#.#.# #0#
#.#.#####0#
#.#...00@.#
#.#########


There were no monsters in sight!

Vanquished Creatures
  A bat (D:2)
  2 giant cockroaches (D:2)
  A hobgoblin (D:3)
  2 kobolds
  A frilled lizard (D:2)
  2 rats
9 creatures vanquished.

Vanquished Creatures (others)
  19 foxfires
19 creatures vanquished.

Grand Total: 28 creatures vanquished

Notes
Turn   | Place    | Note
-------+----------+-------------------------------------------
     0 | D:1      | Duffy the Demonspawn Fire Elementalist began the quest for
                  | the Orb.
     0 | D:1      | Reached XP level 1. HP: 13/13 MP: 3/3
   502 | D:3      | Gained mutation: You have a pair of small horns on your
                  | head. [demonic ancestry]
   502 | D:3      | Reached XP level 2. HP: 19/19 MP: 0/5
   592 | D:3      | Quit the game

Levels and vault maps discovered:
D:1:      grunt_arrival_lava_bath, layout_rooms
D:2:      layout_rooms, lemuel_zombie_altar_yredelemnul,
          chequers_serial_rivers_micro_b
D:3:      layout_basic, first_ration

Skill      XL: |  1 |
---------------+----+-----
Conjurations   | 2 |  2.1
Dodging        | |  1.7
Stealth        | |  1.7
Spellcasting   | |  2.0
Fire Magic     | |  2.6

Action                   || total
-------------------------++-------
Melee: Headbutt          ||     1
 Cast: Foxfire           ||    17
  Use: Scroll            ||     3
Armor: Robe              ||     6
Dodge: Dodged            ||    16

Table legend:
 A = Non-vault XP
 B = Vault XP
 C = Vault XP percentage of total XP
 D = Non-vault monster count
 E = Vault monster count
 F = Vault count percentage of total count
                 A         B        C        D         E       F
            +---------+---------+-------+---------+---------+-------
      Total |      14 |       0 |   0.0 |       9 |       0 |   0.0
            +---------+---------+-------+---------+---------+-------
        D:1 |       1 |       0 |   0.0 |       1 |       0 |   0.0
        D:2 |       9 |       0 |   0.0 |       5 |       0 |   0.0
        D:3 |       4 |       0 |   0.0 |       3 |       0 |   0.0
            +---------+---------+-------+---------+---------+-------
